[Event "Late-Titled-Tuesday-Blitz-March-05-2024"]
[Site "Chess.com"]
[Date "2024.03.05"]
[Round "9"]
[White "HamedWafa4"]
[Black "Antipov_Mikhail_Al"]
[Result "1-0"]
[WhiteElo "2769"]
[BlackElo "2926"]
[TimeControl "180+1"]
[EndTime "15:41:26 PST"]
[Termination "HamedWafa4 won on time"]

1. e4 c5 2. Nf3 e6 3. d4 cxd4 4. Nxd4 a6 5. Bd3 Bc5 6. Nb3 Ba7 7. Nc3 Nc6 8. Qe2 Nge7 9. Be3 O-O 10. O-O b5 11. Rfd1 Qc7 12. a4 b4 13. Nb1 Bb8 14. g3 f5 15. N1d2 f4 16. Bxf4 Rxf4 17. gxf4 Qxf4 18.
Nf1 Ng6 19. Nbd2 Nce5 20. Qe3 Qh4 21. Ng3 Ng4 22. Nf3 Nxe3 23. Nxh4 Nxd1 24. Nxg6 hxg6 25. Rxd1 Bb7 26. Bc4 Bc6 27. b3 Kf7 28. f3 g5 29. Ne2 Be5 30. Nd4 Bxd4+ 31. Rxd4 a5 32. Kg2 Kf6 33. Kg3 Ke5 34. Rd1 Rh8 35. h3 d6 36. Rd2 Rh4 37. Rd1 Rf4 38. Rd2 d5 39.
exd5 exd5 40. Bd3 Kd4 41. Re2 Kc3 42. Re6 Rf6 43. Re5 d4 44. Rxa5 Bxf3 45. Rc5+ Kd2 46. a5 Be2 47. Bxe2 Kxe2 48. Rc4 Kd2 49. Rxd4+ Kxc2 50. Rxb4 Kc3 51. Rb6 1-0

[Event "Late-Titled-Tuesday-Blitz-March-05-2024"]
[Site "Chess.com"]
[Date "2024.03.05"]
[Round "9"]
[White "Zhigalko_Sergei"]
[Black "Shahdad2007"]
[Result "1-0"]
[WhiteElo "2866"]
[BlackElo "2592"]
[TimeControl "180+1"]
[EndTime "15:41:32 PST"]
[Termination "Zhigalko_Sergei won by checkmate"]

1. e4 g6 2. d4 Bg7 3. Nc3 d6 4. Nf3 a6 5. Be3 b5 6. a4 b4 7. Ne2 Bb7 8. Ng3 Nf6 9. Bd3 Nbd7 10. a5 O-O 11. O-O Rc8 12. c3 bxc3 13. bxc3 c5 14. Qe2 Ra8 15. h3 Qc8 16. Rfb1 c4 17.
Bc2 Ne8 18. Nd2 d5 19. Bf4 Nc7 20. Bxc7 Qxc7 21. exd5 Bxd5 22. Qxe7 Rfe8 23. Qa3 Bf8 24. Qc1 Nf6 25. Rb6 Bd6 26. Ndf1 Bf4 27. Qd1 Nd7 28. Rb2 Re7 29. Ne2 Bd6 30. Ne3 Rxe3 31. fxe3 Re8 32. e4 Rxe4 33. Bxe4 Bxe4 34. Qf1 Bd3 35. Qf2 f5 36.
Qf3 Be4 37. Qf2 Nf6 38. Rb6 Nd5 39. Rxa6 Bf4 40. Nxf4 Nxf4 41. Re1 Nd3 42. Qe3 Nxe1 43. Qxe1 Qb7 44. Rb6 Qa7 45. Qe2 Qxa5 46. Qxc4+ Kg7 47.
Qc7+ Kh6 48. Rxg6+ hxg6 49. Qxa5 f4 50. Qc7 f3 51. Qf4+ g5 52. Qxe4 f2+ 53. Kxf2 g4 54.
Qxg4 Kh7 55. Kf3 Kh6 56. Kf4 Kh7 57. Kf5 Kh6 58. Kf6 Kh7 59. Qg7# 1-0

[Event "Late-Titled-Tuesday-Blitz-March-05-2024"]
[Site "Chess.com"]
[Date "2024.03.05"]
[Round "9"]
[White "Mikhal867"]
[Black "Squirlolz"]
[Result "0-1"]
[WhiteElo "2498"]
[BlackElo "2602"]
[TimeControl "180+1"]
[EndTime "15:41:35 PST"]
[Termination "Squirlolz won on time"]

1. d4 Nf6 2. c4 c5 3. Nf3 e6 4. Nc3 cxd4 5. Nxd4 Bb4 6. Bd2 O-O 7. Nc2 Be7 8. e4 d5 9. e5 d4 10. exf6 dxc3 11.
fxe7 cxd2+ 12. Qxd2 Qxe7 13. Rd1 Nc6 14. Be2 e5 15. O-O Be6 16. Qd6 Qxd6 17. Rxd6 Rfd8 18.
Rfd1 Rxd6 19. Rxd6 Kf8 20. b3 Ke7 21. Rd2 f5 22. Kf1 a5 23. Ke1 g5 24. c5 a4 25. b4 Bxa2 26. b5 Na5 27. Nb4 Be6 28. c6 bxc6 29. bxc6 Nb3 30. Ra2 Nd4 31. Ra3 Kd6 32.
Bd1 Bb3 33. Bxb3 axb3 34. Rxa8 b2 35. Rd8+ Kc7 36. Nd5+ Kxd8 37. Nc3 Kc7 38. Kd2 Kxc6 39. g3 Kd6 40. Kd3 Ke6 41. h4 gxh4 42. gxh4 Nb5 43.
Nb1 e4+ 44. Kc2 Ke5 45. Kxb2 Kf4 46. Kc2 Kf3 47. Nd2+ Kxf2 48. Nc4 e3 49. Ne5 e2 50. Nd3+ Kf1 51. Kd2 f4 52. Ne1 Nd4 53. h5 f3 54. Nd3 f2 0-1

[Event "Late-Titled-Tuesday-Blitz-March-05-2024"]
[Site "Chess.com"]
[Date "2024.03.05"]
[Round "9"]
[White "BogdanDeac"]
[Black "Byniolus"]
[Result "1-0"]
[WhiteElo "2953"]
[BlackElo "2779"]
[TimeControl "180+1"]
[EndTime "15:41:36 PST"]
[Termination "BogdanDeac won on time"]

1. d4 d6 2. e4 Nf6 3. Nc3 c6 4. Nf3 Bg4 5. h3 Bh5 6. Bd3 e6 7. g4 Bg6 8. h4 d5 9. exd5 Bxd3 10. Qxd3 Nxd5 11. Bg5 Qa5 12. Bd2 Nxc3 13. bxc3 Nd7 14. Rb1 Nb6 15. O-O Qxa2 16. Rb3 Qa4 17. c4 Qxc4 18. Qxc4 Nxc4 19. Rxb7 Bd6 20. Ra1 a5 21. Bc3 O-O 22. Ra4 Na3 23. Rxa5 Nxc2 24. Rxa8 Rxa8 25. Ng5 Rf8 26. Ne4 Bf4 27. Ra7 Rb8 28. Nc5 h5 29. gxh5 Rb1+ 30. Kg2 Ne1+ 31. Bxe1 Rxe1 32.
Kf3 Bh6 33. Ra8+ Kh7 34. Nd7 g6 35. Ne5 gxh5 36. Nxf7 Rh1 37. Kg3 Bg7 38. Ng5+ Kg6 39.
Nxe6 Bf6 40. Nf4+ Kf5 41. Rf8 Rd1 42. Nxh5 Rd3+ 43. f3 Kg6 44. Nxf6 Kg7 45. Nd7 Rxd4 46. Rd8 Kh6 47. f4 c5 48. f5 c4 49. f6 Kg6 50. Ne5+ Kxf6 51. Rxd4 c3 52. Rc4 c2 53.
Rxc2 Kxe5 54. Rf2 1-0

[Event "Late-Titled-Tuesday-Blitz-March-05-2024"]
[Site "Chess.com"]
[Date "2024.03.05"]
[Round "9"]
[White "Pelusiansky"]
[Black "the_blue_pill"]
[Result "0-1"]
[WhiteElo "2561"]
[BlackElo "2452"]
[TimeControl "180+1"]
[EndTime "15:41:36 PST"]
[Termination "the_blue_pill won by resignation"]

1. d4 d5 2. c4 e6 3. Nc3 c5 4. cxd5 exd5 5. Nf3 Nc6 6. g3 Nf6 7. Bg2 cxd4 8. Nxd4 Bc5 9. Nb3 Bb6 10. O-O d4 11. Na4 O-O 12. h3 Re8 13. Bg5 h6 14.
Bxf6 Qxf6 15. Nxb6 axb6 16. Qd2 Be6 17. Rfd1 Rad8 18.
Nc1 h5 19. Nd3 h4 20. Qf4 Bf5 21. g4 Bxd3 22. Qxf6 gxf6 23. exd3 Re2 24. b4 Nxb4 25. Rab1 Nxa2 26. Rxb6 Nc3 27. Ra1 Rde8 28. Rxb7 Re1+ 29. Rxe1 Rxe1+ 30. Kh2 Re2 31. Rd7 Rxf2 32. Rxd4 Ne2 33. Rc4 Nf4 34. Kg1 Rxg2+ 35. Kf1 Rg3 36. Rxf4 Rxd3 37. Rxf6 Rxh3 38. Rh6 Kg7 39. g5 Rg3 40. Rxh4 Rxg5 41. Ra4 Kg6 42. Ra6+ f6 43. Kf2 Rb5 44. Kf3 Kg5 45. Ra8 Rb3+ 46. Kf2 f5 47. Rg8+ Kf4 48.
Ra8 Rb2+ 49. Kf1 Kg4 50. Rg8+ Kf3 51. Ke1 Rb1+ 52. Kd2 f4 53. Ra8 Kf2 54. Rf8 f3 55. Rg8 Rb7 56. Kd1 Rd7+ 57. Kc2 Ke2 58. Re8+ Kf1 59. Rf8 f2 60. Rg8 Rd5 61. Rg4 Ke2 62. Re4+ Kf3 63. Re8 f1=Q 64. Rf8+ Kg2 65. Rxf1 Kxf1 0-1

[Event "Late-Titled-Tuesday-Blitz-March-05-2024"]
[Site "Chess.com"]
[Date "2024.03.05"]
[Round "9"]
[White "ljuks68"]
[Black "Bilan_Danila"]
[Result "1-0"]
[WhiteElo "2450"]
[BlackElo "2532"]
[TimeControl "180+1"]
[EndTime "15:41:38 PST"]
[Termination "ljuks68 won by resignation"]

1. e4 c6 2. d4 d5 3. e5 c5 4. Nf3 Nc6 5. c4 e6 6. Nc3 Nge7 7. dxc5 Ng6 8. cxd5 exd5 9. Qxd5 Be6 10. Qxd8+ Rxd8 11. Bg5 Rd7 12. Bb5 Bxc5 13. Bxc6 bxc6 14. O-O Bg4 15. Ne4 Be7 16. Nd6+ Bxd6 17. exd6 Bxf3 18. gxf3 Rxd6 19. Rad1 Rxd1 20. Rxd1 f6 21. Be3 Ke7 22. Bxa7 Ke6 23. Bc5 Ra8 24. a3 Ne5 25. f4 Nc4 26. b3 Na5 27.
Rd6+ Kf5 28. b4 Nc4 29. Rxc6 Rxa3 30. b5 Rb3 31. b6 Kxf4 32. Kg2 h5 33. Bd4 Ne5 34.
Rc7 Rb4 35. b7 g5 36. Be3+ Kg4 37. Ba7 Nd3 38. h3+ Kf5 39. b8=Q Nf4+ 40. Kh2 Rxb8 41. Bxb8 Nd3 42. Ba7 Ke4 43. Be3 g4 44. Re7+ Kf3 45. hxg4 hxg4 46. Rf7 g3+ 47. fxg3 Kxe3 48. Rxf6 Ne5 49.
Re6 Ke4 50. Re8 Kf5 51. Kh3 Nf3 52. Rf8+ Ke4 53. Rf4+ Ke3 54. Kg4 Ne5+ 55. Kh5 Nd3 56. Rf8 Ke4 57. g4 Ke5 58. g5 1-0

[Event "Late-Titled-Tuesday-Blitz-March-05-2024"]
[Site "Chess.com"]
[Date "2024.03.05"]
[Round "9"]
[White "guillembaches"]
[Black "Vse_po_kaify"]
[Result "1-0"]
[WhiteElo "2543"]
[BlackElo "2415"]
[TimeControl "180+1"]
[EndTime "15:41:38 PST"]
[Termination "guillembaches won on time"]

1. Nf3 Nf6 2. d4 g6 3. Bg5 Bg7 4. Nbd2 d5 5. e3 O-O 6. Be2 c5 7. c3 b6 8. O-O Nc6 9. a3 Bb7 10. b4 Nd7 11. bxc5 bxc5 12. Rb1 Qc8 13. Qa4 e5 14.
Rfc1 Re8 15. Bf1 c4 16. Bh4 Nb6 17. Qb5 Ba6 18. Qb2 e4 19. Ne1 Qd7 20. Bg3 Bf8 21.
Nc2 Na4 22. Qa1 Bd6 23. Nb4 Bb7 24. Nxd5 Be5 25. Bxe5 Qxd5 26. Bxc4 Qd7 27. Bg3 Na5 28. Bb5 Bc6 29. c4 Bxb5 30. Rxb5 Nxc4 31. Rxc4 Qxb5 32. Rb4 Qc6 33. Nc4 Rac8 34. h4 a6 35. Nd6 Qc1+ 36.
Qxc1 Rxc1+ 37. Kh2 Nc3 38. Nxe8 Ne2 39. Nf6+ Kg7 40.
Be5 Kh6 41. Rb7 Kg7 42. h5 g5 43. Nxe4+ Kh6 44. Nf6 g4 45. Rxf7 Kg5 46. Nxh7+ Kxh5 47. Nf6+ Kg6 48. Rf8 g3+ 49. Bxg3 Ng1 50. Nd7 Ne2 51.
Ne5+ 1-0

[Event "Late-Titled-Tuesday-Blitz-March-05-2024"]
[Site "Chess.com"]
[Date "2024.03.05"]
[Round "9"]
[White "Azerichess"]
[Black "Sokoloco"]
[Result "0-1"]
[WhiteElo "3048"]
[BlackElo "2808"]
[TimeControl "180+1"]
[EndTime "15:41:40 PST"]
[Termination "Sokoloco won on time"]

1. d4 d6 2. e4 g6 3. Nf3 Bg7 4. Bc4 e6 5. O-O Nf6 6. Re1 O-O 7. Bg5 d5 8. Bd3 dxe4 9. Bxe4 h6 10. Bxf6 Qxf6 11. Nbd2 Nd7 12. Nb3 Nb6 13. c3 Rb8 14. Ne5 Nd7 15. Nd3 b6 16. Nb4 Bb7 17. Nc6 Rbe8 18.
Nxa7 Bxe4 19. Rxe4 e5 20. Qe2 c6 21. Re1 Qd6 22.
Qc4 Nb8 23. dxe5 Qd7 24. e6 Qxa7 25. e7 Rxe7 26. Rxe7 Qxa2 27. Nd2 Qxb2 28. Ne4 b5 29. Qd3 Na6 30. h4 Qb3 31. Qd6 Qd5 32. Rd1 Qb3 33. g3 Bxc3 34. Rd3 b4 35. Kg2 Qc4 36. Nf6+ Bxf6 37.
Qxf6 Qxd3 38. Re5 b3 39. h5 Qd8 40. Qf4 g5 41. Qc4 Qd6 42. f4 Nc7 43. Qxb3 Nd5 44. Kh2 gxf4 45. gxf4 Kh7 46. Qd3+ f5 47. Re3 Qxf4+ 48.
Rg3 Rg8 49. Kh1 Rxg3 50. Qxf5+ Qxf5 0-1

[Event "Late-Titled-Tuesday-Blitz-March-05-2024"]
[Site "Chess.com"]
[Date "2024.03.05"]
[Round "9"]
[White "GoltsevDmitry2000"]
[Black "DeArron_Fox"]
[Result "1-0"]
[WhiteElo "2703"]
[BlackElo "2556"]
[TimeControl "180+1"]
[EndTime "15:41:40 PST"]
[Termination "GoltsevDmitry2000 won by checkmate"]

1. e4 c5 2. Nf3 e6 3. b3 d6 4. Bb2 Nf6 5. Nc3 a6 6. a4 Nbd7 7. Bc4 b6 8. O-O Bb7 9. Re1 Be7 10. d4 cxd4 11. Nxd4 O-O 12. Bxe6 fxe6 13. Nxe6 Qe8 14. Nd5 Nxd5 15. Nxf8 Qxf8 16. exd5 Bf6 17. Bxf6 Nxf6 18. c4 Re8 19. Qd4 Rxe1+ 20. Rxe1 Qd8 21. f3 b5 22. Qa7 Qc8 23. Re7 Nd7 24. Qe3 Nf6 25.
Qe6+ Qxe6 26. Rxe6 bxc4 27. bxc4 Kf8 28. Rxd6 Ke7 29.
Rb6 Bc8 30. c5 Nxd5 31. Rd6 Nc3 32. a5 Na4 33. Kf2 Nxc5 34. Rc6 Nd3+ 35. Ke3 Bf5 36. g4 Bg6 37. Rxa6 Nb4 38. Ra7+ Kd6 39. Rxg7 Nc2+ 40. Kf4 Nd4 41. Rb7 Ne6+ 42. Kg3 Nc5 43. Rg7 Ne6 44.
Ra7 Nd4 45. h4 Kc5 46. h5 Bd3 47. Rc7+ Kb5 48. Rd7 Ne2+ 49. Kf2 Bc4 50. Rc7 Bd3 51. Rd7 Bc4 52. Rxh7 Kxa5 53. Rc7 Kb4 54. Rxc4+ Kxc4 55. Kxe2 Kd5 56. Ke3 Ke6 57. f4 Kf7 58. Ke4 Kg8 59. Kf5 Kh8 60. Kg6 Kg8 61. f5 Kh8 62. f6 Kg8 63.
f7+ Kh8 64. f8=Q# 1-0

[Event "Late-Titled-Tuesday-Blitz-March-05-2024"]
[Site "Chess.com"]
[Date "2024.03.05"]
[Round "9"]
[White "Felix-Rose"]
[Black "Onthequiet"]
[Result "0-1"]
[WhiteElo "2292"]
[BlackElo "2418"]
[TimeControl "180+1"]
[EndTime "15:41:40 PST"]
[Termination "Onthequiet won on time"]

1. Nf3 d5 2. e3 Nf6 3. c4 e6 4. Nc3 Be7 5. b3 O-O 6. Bb2 b6 7. cxd5 exd5 8. Qc2 c5 9. d4 Ba6 10.
Bxa6 Nxa6 11. O-O c4 12. Qe2 Rc8 13. Ne5 Nb4 14. bxc4 dxc4 15. Nxc4 Re8 16. Rfc1 Bf8 17. Ne5 h6 18. h3 Nc6 19. Nxc6 Rxc6 20. Qf3 Rce6 21.
Rd1 Bb4 22. Ne2 Ne4 23. d5 Rg6 24. Nf4 Rg5 25. h4 Rf5 26. Qg4 Rf6 27. Bxf6 Qxf6 28. f3 Nd6 29. Nh5 Qg6 30. Qxg6 fxg6 31. Nf4 Kh7 32.
e4 Bc3 33. Rac1 Be5 34. Ne6 Bg3 35. Rc7 Rg8 36. h5 gxh5 37. Rxa7 Nc4 38. f4 h4 39. f5 Be5 40. Rc1 b5 41. Kh1 h5 42.
a4 Nd2 43. axb5 Nxe4 44. Re1 Ng3+ 45. Kg1 Bb8 46. Rb7 Nxf5 47. Nxg7 Nxg7 48. Ree7 Kg6 0-1

[Event "Late-Titled-Tuesday-Blitz-March-05-2024"]
[Site "Chess.com"]
[Date "2024.03.05"]
[Round "9"]
[White "Akhayan"]
[Black "LUISMIGUELOV"]
[Result "1-0"]
[WhiteElo "2374"]
[BlackElo "2159"]
[TimeControl "180+1"]
[EndTime "15:41:40 PST"]
[Termination "Akhayan won on time"]

1. d4 d5 2. c4 c6 3. Nc3 Nf6 4. cxd5 cxd5 5. Nf3 Nc6 6. Bf4 Qb6 7. e3 Bf5 8. Bd3 Bxd3 9. Qxd3 e6 10. O-O Be7 11. Qb5 Qxb5 12. Nxb5 O-O 13. h3 a6 14. Nc3 h6 15.
Rac1 Rfc8 16. Na4 Nb4 17. Nb6 Rxc1 18. Rxc1 Re8 19. a3 Nd3 20. Rc7 Nxf4 21. exf4 Bd8 22. Rxb7 Bxb6 23. Rxb6 a5 24. b4 axb4 25. axb4 Ra8 26.
Ne5 Ra4 27. Rb7 Ne4 28. f3 Ng3 29.
Kf2 Nf5 30. Rb8+ Kh7 31. Nxf7 Ra2+ 32. Ke1 Nxd4 33. b5 Rb2 34. b6 Nc6 35. Rh8+ Kg6 36. Rc8 Kxf7 37. Rxc6 Kf6 38. g4 g6 39. h4 h5 40. f5 gxf5 41. gxh5 f4 42. h6 Kg6 43. Rxe6+ Kh7 44. Rd6 d4 45. Kd1 d3 46. h5 d2 47.
Rxd2 Rxb6 48. Rd4 Rxh6 49. Rxf4 Rxh5 50. Ke2 Kg6 51. Ra4 Re5+ 52. Kf2 Kf5 53. Kg3 Re1 54. Ra5+ Kf6 55. Kf4 Re6 56. Rb5 Ra6 57. Kg4 1-0

[Event "Late-Titled-Tuesday-Blitz-March-05-2024"]
[Site "Chess.com"]
[Date "2024.03.05"]
[Round "9"]
[White "XDPS"]
[Black "ChessSwole"]
[Result "1-0"]
[WhiteElo "2902"]
[BlackElo "2726"]
[TimeControl "180+1"]
[EndTime "15:41:42 PST"]
[Termination "XDPS won by resignation"]

1. d4 d5 2. Nf3 Nf6 3. Bf4 c5 4.
e3 Nc6 5. Nbd2 cxd4 6. exd4 Bf5 7. c3 e6 8. Qb3 Qc8 9. Be2 h6 10. O-O Be7 11. Rfe1 O-O 12. Nf1 Ne4 13. Ne3 Bg6 14. Qd1 Bd6 15. Bxd6 Nxd6 16. Ng4 Bh5 17. Nge5 Bxf3 18.
Nxf3 b5 19. Rc1 Qd7 20. Bd3 Rac8 21. Bb1 b4 22. Qd3 Ne4 23. c4 f5 24. c5 Qf7 25.
Bc2 Qf6 26. Ba4 Nd8 27. Ne5 Nf7 28. Nd7 Qh4 29. g3 Qh5 30. f3 Neg5 31. Re3 f4 32. gxf4 Nh3+ 33. Kf1 Nxf4 34. Qd2 Qh3+ 35. Kg1 Ng5 36.
Nxf8 Nxf3+ 37. Kh1 Nxd2 38. Rxh3 Nxh3 39. Nxe6 Ne4 40.
Bd7 Ra8 41. c6 Nhf2+ 42. Kg2 Nd3 43. Rf1 Nd6 44. c7 g5 45. Rf6 Nxb2 46. Bc6 Rc8 47. Bxd5 Kh8 48. Rxh6+ Kg8 49. Nxg5+ Kg7 50. Rxd6 Nd3 51.
Rd7+ Kf6 52. Ne4+ Kf5 53. Nc5 Nf4+ 54. Kf3 Nxd5 55. Rxd5+ Kf6 56. Rd7 a5 57. Ke4 1-0

[Event "Late-Titled-Tuesday-Blitz-March-05-2024"]
[Site "Chess.com"]
[Date "2024.03.05"]
[Round "9"]
[White "manitodeplomo"]
[Black "OPQRC"]
[Result "1/2-1/2"]
[WhiteElo "2718"]
[BlackElo "2582"]
[TimeControl "180+1"]
[EndTime "15:41:42 PST"]
[Termination "Game drawn - insufficient material"]

1. d4 Nf6 2. c4 g6 3. Nc3 Bg7 4. e4 d6 5. Be2 O-O 6. Nf3 e5 7. d5 Nbd7 8. Be3 a5 9. Nd2 Nc5 10. O-O Nfd7 11. b3 f5 12. f3 f4 13. Bf2 Nf6 14. a3 Bd7 15. Qc2 g5 16. b4 axb4 17.
axb4 Rxa1 18. Rxa1 Na6 19. c5 g4 20. c6 g3 21. hxg3 fxg3 22. Bxg3 Nh5 23. Bf2 Nxb4 24.
Qb3 Qg5 25. cxd7 Nf4 26. g4 Nxe2+ 27. Nxe2 Qxd2 28. Qe3 Qxe3 29. Bxe3 Nc2 30. Bg5 Nxa1 31. d8=Q Rxd8 32. Bxd8 b5 33. Bxc7 Bf8 34. Kf1 Nc2 35.
Ba5 Kf7 36. Nc1 Ke8 37. Ke2 Nd4+ 38. Kf2 Kd7 39. Nd3 Bh6 40. Bb4 Nc2 41. Bc3 Bg5 42. Ke2 h6 43. Kd1 Ne3+ 44. Ke2 Nc2 45. Bd2 Nd4+ 46. Kd1 Bxd2 47. Kxd2 Nxf3+ 48. Kc3 Ng5 49. Nf2 Ke7 50. Kb4 Kf6 51. Kxb5 Nf7 52. Kc6 Kg5 53.
Kd7 Kf6 54. Nh3 Kg6 55. Ke7 Kg7 56. Ke6 Kg6 57. Ke7 Kg7 58. Ng1 Ng5 59. Kxd6 Kf6 60. Kc7 Nxe4 61. d6 Nxd6 62. Kxd6 Kg5 63. Kxe5 Kxg4 64.
Ke4 h5 65. Ke3 Kg3 66. Ne2+ Kg4 67. Kf2 h4 68. Kg1 Kf3 69. Nc3 h3 70. Kh1 h2 71.
Na4 Ke3 72. Nb6 Kd4 73. Nc8 Ke5 74. Na7 Kf4 75. Nb5 Kf3 76. Na3 Ke3 77. Kxh2 1/2-1/2

[Event "Late-Titled-Tuesday-Blitz-March-05-2024"]
[Site "Chess.com"]
[Date "2024.03.05"]
[Round "9"]
[White "katharinareinecke"]
[Black "Vesapesa"]
[Result "0-1"]
[WhiteElo "1971"]
[BlackElo "2218"]
[TimeControl "180+1"]
[EndTime "15:41:42 PST"]
[Termination "Vesapesa won on time"]

1. d4 d5 2. c4 e6 3. Nf3 Nf6 4. g3 dxc4 5. Bg2 Bb4+ 6. Bd2 a5 7. O-O O-O 8. a3 Bxd2 9. Nbxd2 b5 10. a4 c6 11. axb5 cxb5 12. Ne5 Nd5 13. e4 Nb4 14. Nb1 Bb7 15. Nc3 Qb6 16. d5 f6 17. Ng4 Nd3 18. dxe6 b4 19. Nd5 Qd6 20. e7 Re8 21. b3 Bxd5 22.
exd5 Nb2 23. Qd4 c3 24. Rfe1 Nd7 25. Re6 Qc5 26. Qxc5 Nxc5 27. Ree1 Ncd3 28. d6 Nxe1 29. Rxe1 Ra7 30. Bc6 Nd3 31. Rf1 Rexe7 32. dxe7 Rxe7 33. Bd5+ Kf8 34. Bc4 Ne1 35. Ne3 Nf3+ 36. Kg2 Nd2 37. Ra1 Rxe3 38. fxe3 Nxc4 39. bxc4 b3 40. c5 b2 41. Rd1 c2 42. Rd8+ Ke7 43. Rb8 c1=Q 44. Rb7+ Ke6 45. Rb6+ Kf5 46. g4+ Kxg4 47. h3+ Kh4 48. e4 Qd2+ 49. Kf3 Qd3+ 50. Kf4 g5+ 51. Kf5 Qf3+ 52. Ke6 Qxe4+ 53. Kd6 Qe5+ 54. Kc6 Qe4+ 55. Kc7 b1=Q 56. Rxb1 Qxb1 57. c6 Qc2 58. Kd7 a4 0-1

[Event "Late-Titled-Tuesday-Blitz-March-05-2024"]
[Site "Chess.com"]
[Date "2024.03.05"]
[Round "9"]
[White "VladimirKramnik"]
[Black "JSPrepz"]
[Result "1-0"]
[WhiteElo "2998"]
[BlackElo "2858"]
[TimeControl "180+1"]
[EndTime "15:41:43 PST"]
[Termination "VladimirKramnik won by resignation"]

1. e4 e5 2. Nf3 Nc6 3. Bc4 Nf6 4.
d3 h6 5. O-O d6 6. c3 g6 7. d4 Bg4 8. Qb3 Na5 9. Qa4+ c6 10.
Be2 b5 11. Qc2 Bxf3 12. Bxf3 Bg7 13. Rd1 Qc7 14. a4 O-O 15. axb5 cxb5 16. d5 Nc4 17.
Be2 a5 18. b3 Nb6 19. Bxb5 Nh5 20. Bc6 Rab8 21. Na3 f5 22. Nb5 Qd8 23. exf5 gxf5 24. Rxa5 f4 25. Qg6 Qh4 26. Nxd6 f3 27. g3 Rf6 28.
Qd3 Qh3 29. Qf1 Qxf1+ 30. Kxf1 Rxd6 31. c4 Nc8 32. c5 Rd8 33. d6 Nf6 34. Bxf3 Rxb3 35.
Be2 Rb8 36. Ba3 Ne4 37. c6 Rxd6 38. Bxd6 Ncxd6 39. c7 Rc8 40. Ra7 Bf8 41. Bg4 Re8 42.
Bd7 Re7 43. Bc6 Kg7 44. Bxe4 Nxe4 45. c8=Q Rxa7 46. Rd7+ Rxd7 47. Qxd7+ Kf6 48. Qd5 Ng5 49. h4 Ne6 50. Kg2 Be7 51. Qf3+ Kg6 52. Qg4+ Kf6 53. h5 Ng5 54. Qc4 Kg7 55. Qd5 Bf6 56. Qd7+ Kg8 57.
Qf5 Kg7 58. Qg6+ 1-0

[Event "Late-Titled-Tuesday-Blitz-March-05-2024"]
[Site "Chess.com"]
[Date "2024.03.05"]
[Round "9"]
[White "kleinebeer98"]
[Black "MagnusCarlsen"]
[Result "0-1"]
[WhiteElo "2896"]
[BlackElo "3249"]
[TimeControl "180+1"]
[EndTime "15:41:44 PST"]
[Termination "MagnusCarlsen won by checkmate"]

1. e4 d6 2. d4 g6 3. Nc3 c6 4. h4 h5 5. Nh3 Bxh3 6. Rxh3 Nd7 7. Bg5 Bh6 8. Qd2 Bxg5 9. hxg5 e6 10. O-O-O Ne7 11.
g4 h4 12. Be2 Qa5 13. Rdh1 e5 14. dxe5 dxe5 15. Rxh4 Rxh4 16. Rxh4 O-O-O 17. Qe3 b5 18. a3 Rf8 19. Rh1 Qb6 20. Qg3 Qc7 21. Rd1 a6 22. Kb1 Nc5 23. Qe3 Ne6 24. a4 Rd8 25. Rh1 Kb7 26. Rh7 Nc8 27. axb5 axb5 28.
Na2 Nd6 29. Nc1 Qb6 30. Qa3 Nxg5 31. Rh1 Ngxe4 32. Nb3 Ra8 33. Qb4 Qxf2 34. Bd3 Ra4 35. Qe1 Qxe1+ 36. Rxe1 Kb6 37. Rf1 c5 38. Bxe4 Rxe4 39.
Rf6 Kc6 40. Na5+ Kd5 41. Nb3 Rxg4 42. Rf1 Nc4 43. Rxf7 Rg1+ 44. Ka2 Rg2 45. Rd7+ Kc6 46. Rg7 e4 47. Ka1 e3 48. Re7 Kd6 49. Re4 Rxc2 50. Rg4 Ne5 51. Re4 e2 52. Ka2 Nd3 53. Re3 Rxb2+ 54. Ka1 Rxb3 55. Rxe2 c4 56. Rg2 Kc5 57. Rg5+ Kb4 58. Rxg6 Ra3+ 59. Kb1 Ra8 60. Rg5 Rh8 61. Kc2 Rh2+ 62. Kb1 c3 63. Ka1 c2 64. Rg4+ Kc3 65. Rg1 Rh4 66. Rc1 Ra4# 0-1

[Event "Late-Titled-Tuesday-Blitz-March-05-2024"]
[Site "Chess.com"]
[Date "2024.03.05"]
[Round "9"]
[White "AldokhinIvan"]
[Black "Perecke"]
[Result "0-1"]
[WhiteElo "2674"]
[BlackElo "2570"]
[TimeControl "180+1"]
[EndTime "15:41:45 PST"]
[Termination "Perecke won by resignation"]

1. e4 c5 2. Nf3 e6 3. d4 cxd4 4. Nxd4 Nc6 5. Nc3 Qc7 6. Nde2 a6 7. g4 b5 8. Bg2 Bb7 9. O-O Nf6 10. Ng3 h5 11. gxh5 Bc5 12. Bg5 O-O-O 13. h6 Qe5 14. Qd2 gxh6 15. Bf4 Qd4 16. Rad1 Ng4 17. Qe2 Qg7 18. e5 Ngxe5 19. Nce4 Be7 20. Nd6+ Bxd6 21.
Rxd6 Nc4 22. Rd3 d5 23. b3 Nd6 24. c4 bxc4 25. bxc4 Nxc4 26. Rb1 Rd7 27. Rdb3 Nd4 28. Qd3 Nxb3 29. axb3 Qg6 30. Qf1 Nd2 31. Bxd2 d4 32. Rc1+ Kd8 33. Ba5+ Ke7 34. Bb4+ Kf6 35. Bxb7 Rxb7 36.
Qe2 Rxb4 37. Rc5 Kg7 38. Qe5+ Kh7 39. Rc7 Rxb3 40. Qf4 Rb1+ 41. Kg2 Rg8 42. Rxf7+ Rg7 43. Rf6 Qg5 44. Qe4+ Rg6 45. Rf7+ Kg8 46. Rd7 Rb8 47. Qc6 Re8 48. Rd6 Rf8 49. Rd7 Qe5 50. Qe4 Qxe4+ 51. Kh3 Qg4+ 52. Kg2 d3 53. Rxd3 Qe4+ 54. Kf1 Qxd3+ 55.
Kg1 Qb1+ 56. Kg2 Rxg3+ 0-1

[Event "Late-Titled-Tuesday-Blitz-March-05-2024"]
[Site "Chess.com"]
[Date "2024.03.05"]
[Round "9"]
[White "flubs"]
[Black "jaskol95"]
[Result "0-1"]
[WhiteElo "2455"]
[BlackElo "2570"]
[TimeControl "180+1"]
[EndTime "15:41:46 PST"]
[Termination "jaskol95 won on time"]

1. c4 e5 2. Nc3 Nc6 3. Nf3 Nf6 4. g3 d5 5. cxd5 Nxd5 6. Bg2 Be6 7. d4 Bb4 8. Bd2 exd4 9. Nxd5 Qxd5 10. Bxb4 Nxb4 11. Qa4+ Nc6 12. O-O O-O 13. Rfd1 Qh5 14. Nxd4 Nxd4 15.
Qxd4 Qxe2 16. Bxb7 Rab8 17. Rd2 c5 18. Qc3 Qb5 19. Bg2 Rfd8 20. Rxd8+ Rxd8 21. b3 h6 22. Rc1 Rd3 23. Qc2 Qd7 24. Bf1 Rd2 25. Qxc5 Rxa2 26. Qe3 Qd2 27. Qxd2 Rxd2 28. Bc4 Bh3 29. Ra1 Rd7 30. Bf1 Be6 31. Bc4 Bxc4 32. bxc4 Rc7 33. Ra4 Kf8 34. Kf1 Ke7 35. Ke2 Kd6 36. Kd3 Kc5 37. Ra5+ Kc6 38. Kc3 Re7 39. Ra2 Kc5 40. Ra5+ Kb6 41. Ra2 a5 42. Kd4 Rd7+ 43. Kc3 Ra7 44. Kd4 a4 45. Rb2+ Kc6 46. Ra2 a3 47. Kc3 Kc5 48. Kb3 Rb7+ 49. Kc3 Ra7 50. Kb3 f5 51. f4 g6 52. Kc3 Ra4 53. Kb3 Ra8 54. Kc3 Re8 55. Kd3 Rd8+ 56. Kc3 Re8 57. Kd3 Kb4 58. Kd4 Kb3 59. Ra1 Kb2 0-1

[Event "Late-Titled-Tuesday-Blitz-March-05-2024"]
[Site "Chess.com"]
[Date "2024.03.05"]
[Round "9"]
[White "Ajedrez_con_German"]
[Black "Qvalda"]
[Result "1/2-1/2"]
[WhiteElo "2563"]
[BlackElo "2437"]
[TimeControl "180+1"]
[EndTime "15:41:47 PST"]
[Termination "Game drawn - insufficient material"]

1. e4 e6 2. d4 d5 3. Nd2 c5 4.
exd5 Qxd5 5. Ngf3 cxd4 6. Bc4 Qd6 7. O-O Nf6 8. Nb3 Nc6 9. Nbxd4 Nxd4 10. Qxd4 Qxd4 11.
Nxd4 Bd7 12. Be2 Bc5 13. Nb3 Bb6 14. Bf3 Bc6 15. Bxc6+ bxc6 16. a4 Ke7 17. Bd2 a5 18. Rad1 Rhd8 19. Bc3 Rd5 20. Rd2 Rad8 21. Bxf6+ Kxf6 22. Rfd1 Ke7 23. Kf1 f5 24. Ke2 e5 25. f3 Ke6 26. c3 g6 27. Nc1 Rxd2+ 28. Rxd2 Rxd2+ 29. Kxd2 Kd5 30. Ne2 Kc4 31. Kc2 Bf2 32. b3+ Kc5 33. Kd3 Kd5 34. Nc1 e4+ 35. Ke2 Bg1 36. h3 Bc5 37.
Na2 Ba3 38. fxe4+ Kxe4 39. b4 axb4 40. Nxb4 c5 41. Nc2 Bb2 42. a5 Kd5 43. a6 Kc6 44. Kd3 Kb6 45. Kc4 Kxa6 46. Ne3 Kb6 47. Nd5+ Kc6 48. Nf6 h5 49. Nd5 Kd6 50. Nf4 g5 51.
Nxh5 Ke5 52. Ng3 f4 53. Ne2 Ke4 54. Kb3 Ba1 55. Kc2 Ke3 56. Ng1 Kf2 57. Nf3 Kxg2 58. Nxg5 f3 59. Nxf3 Kxf3 60. Kd3 Kg3 61. Kc4 Kxh3 62. Kxc5 Bxc3 1/2-1/2

[Event "Late-Titled-Tuesday-Blitz-March-05-2024"]
[Site "Chess.com"]
[Date "2024.03.05"]
[Round "9"]
[White "dosto07"]
[Black "GianmarcoVaR"]
[Result "0-1"]
[WhiteElo "2510"]
[BlackElo "2754"]
[TimeControl "180+1"]
[EndTime "15:41:48 PST"]
[Termination "GianmarcoVaR won on time"]

1. e4 c5 2. Nf3 d6 3. Bb5+ Nd7 4.
d4 cxd4 5. Qxd4 a6 6. Bxd7+ Bxd7 7. Nc3 e5 8. Qd3 h6 9. Nd2 Be6 10. Nf1 Nf6 11. Ne3 Qc7 12. O-O Be7 13. Rd1 O-O 14. a4 Qc5 15. Ncd5 Nxd5 16. exd5 Bd7 17. c4 f5 18. Bd2 f4 19. Nf1 Bf5 20. Qb3 a5 21. Qxb7 Bh4 22. g3 fxg3 23. hxg3 Bg5 24. Bxg5 hxg5 25.
Qc6 Qb4 26. Qb5 Rab8 27. Qxb4 Rxb4 28. Ne3 Be4 29. Rd2 Kf7 30. Rc1 Rh8 31. f3 Bxf3 32.
Rf1 e4 33. Nf5 Rh1+ 34. Kf2 Rh2+ 35. Ke3 Rxd2 36. Kxd2 Rxb2+ 37. Kc3 Re2 38. Nxd6+ Ke7 39. Nf5+ Kf6 40. Nd4 Re3+ 41. Kc2 Ke5 42. Nc6+ Kd6 43.
Nxa5 Kc5 44. Nb7+ Kxc4 45. d6 Re2+ 46. Kc1 Bg4 47. Rd1 Ra2 48. d7 Ra1+ 49. Kb2 Rxd1 50.
d8=Q Rxd8 51. Nxd8 e3 52. Kc1 Kd3 53. Nf7 e2 54. Ne5+ Ke4 55. Nxg4 e1=Q+ 56. Kb2 Qe2+ 57.
Kb3 Qxg4 58. a5 Qc8 59. Kb4 Qb7+ 60. Ka4 Kd4 61. g4 Kc4 0-1